Map: Cosmic Sapphire

Players

name - Winner!

  • Race: Terran Terran
  • Spawn Location: 11:00

Bananamonk

  • Race: Zerg Zerg
  • Spawn Location: 5:00

VOD

Have the link to the VOD?

Description

Time

  • Played on: Oct. 14, 2022, 7:37 p.m.
  • Length: 28:35
Show
View Real Time Build Order
Export as new Build Order

name Terran - Winner!

Build Orders:  

Get SALT Encoding   

  12  1:15  Supply Depot  
  12  1:21  SCV  
  13  1:33  SCV  
  13  1:38  Supply Depot  
  13  1:39  Barracks  
  14  1:45  SCV  
  15  2:02  Supply Depot  
  15  2:22  SCV  
  16  2:25  Supply Depot  
  16  2:27  Command Center  
  16  2:34  SCV  
  17  2:49  Supply Depot  
  17  2:52  Refinery  
  17  3:07  Marine  
  17  3:12  Supply Depot  
  18  3:24  Marine  
  19  3:35  Supply Depot  
  19  3:42  Marine  
  20  3:55  Refinery  
  20  3:57  Supply Depot  
  20  4:00  SCV, Marine  
  22  4:12  SCV  
  23  4:18  Marine  
  24  4:24  SCV  
  24  4:28  SCV  
  26  4:36  Marine  
  27  4:40  SCV  
  29  4:52  SCV  
  29  4:54  Marine  
  30  5:06  Refinery  
  30  5:10  SCV  
  32  5:22  SCV  
  32  5:40  Barracks Reactor  
  32  6:09  Bunker  
  32  6:14  SCV  
  33  6:26  SCV  
  34  6:38  SCV  
  35  6:40  Bunker  
  35  6:47  Marine x2  
  37  7:05  Marine x2  
  39  7:21  Refinery  
  39  7:23  Marine x2  
  39  7:25  SCV  
  42  7:37  SCV  
  42  7:41  Marine x2  
  45  7:49  SCV  
  42  7:58  Marine  
  42  7:59  Marine  
  42  8:01  SCV  
  43  8:14  SCV  
  43  8:16  Marine x2  
  45  8:34  Marine x2  
  44  9:38  Barracks  
  44  9:54  Factory  
  41  10:03  Marine x2  
  43  10:20  Marine  
  43  10:21  Marine  
  45  10:38  Reaper  
  45  10:39  Reaper  
  47  10:46  SCV  
  48  10:55  Barracks Reactor  
  48  10:58  SCV  
  48  11:00  Barracks Tech Lab  
  49  11:10  Marine  
  50  11:19  Factory  
  50  11:25  Marauder  
  52  11:46  Marauder  
  54  12:08  Marauder  
  56  12:16  Factory Tech Lab  
  56  12:29  Marauder  
  58  12:39  Armory  
  58  12:58  Widow Mine  
  60  13:04  Siege Tank  
  59  13:19  Widow Mine  
  57  13:36  Siege Tank  
  56  14:08  Siege Tank  
  58  14:35  Terran Vehicle Weapons Level 1  
  58  14:48  Thor  
  64  15:16  Marauder  
  64  15:20  Marine  
  67  15:22  Marine  
  68  15:31  Thor, Factory Tech Lab  
  74  15:38  Marauder, Marine  
  74  15:40  Marine  
  78  15:56  Marine  
  79  15:57  Marine  
  79  15:59  Starport, Marauder  
  79  16:13  Marine  
  79  16:14  Thor  
  79  16:15  Marine  
  87  16:21  Marauder  
  84  16:29  Terran Ship Weapons Level 1  
  79  16:42  Marauder  
  78  16:57  Thor  
  56  17:40  Thor  
  62  17:58  Starport Tech Lab  
  62  18:01  Marine x2  
  64  18:19  Marine x2  
  66  18:23  Thor, Terran Vehicle And Ship Armor Level 1  
  72  18:37  Marine x2  
  74  18:44  Raven  
  76  18:51  Marauder  
  76  18:53  Thor  
  76  18:55  Marine x2  
  86  19:05  Thor  
  92  19:13  Marauder  
  94  20:00  Supply Depot  
  94  20:21  Raven, Marine x2  
  94  20:22  Marauder  
  94  20:23  Supply Depot  
  100  20:32  Terran Vehicle Weapons Level 2  
  100  20:39  Marine  
  101  20:44  Thor  
  101  20:45  Supply Depot, Marauder, Combat Shield  
  109  21:03  Thor  
  110  21:05  Viking  
  110  21:07  Supply Depot  
  94  21:27  Thor  
  94  21:30  Supply Depot  
  100  21:35  Viking  
  102  21:46  Thor  
  108  21:53  Supply Depot  
  108  22:04  Stimpack  
  108  22:05  Viking  
  110  22:10  Thor  
  116  22:17  Supply Depot  
  116  22:29  Thor  
  122  22:34  Raven  
  124  22:42  Supply Depot  
  124  22:48  Terran Vehicle And Ship Armor Level 2  
  124  22:52  Thor  
  130  23:04  Supply Depot  
  130  23:11  Thor  
  136  23:17  Viking  
  138  23:27  Supply Depot  
  138  23:35  Thor  
  144  23:44  Concussive Shells  
  144  23:47  Viking  
  146  23:50  Supply Depot  
  146  24:13  Supply Depot  
  146  24:17  Viking  
  146  24:18  Thor  
  154  24:36  Supply Depot  
  154  24:47  Viking  
  156  25:00  Supply Depot  
  156  25:01  Thor  
  156  25:03  Terran Ship Weapons Level 2  
  162  25:17  Viking  
  164  25:23  Supply Depot  
  164  25:44  Thor  
  164  25:46  Supply Depot  
  164  25:47  Viking  
  172  26:09  Supply Depot  
  172  26:17  Viking  
  168  26:27  Thor  
  156  26:35  Supply Depot  
  141  26:47  Viking  
  143  27:00  Supply Depot  
  143  27:09  Thor  
  149  27:17  Viking  
  151  27:24  Supply Depot  
  151  27:46  Supply Depot  
  151  27:47  Viking  
  155  28:12  Hellion  
Show
View Real Time Build Order
Export as new Build Order

Bananamonk Zerg 

Build Orders: Pool First 

Get SALT Encoding   

  12  0:08  Drone  
  13  0:30  Extractor  
  13  0:33  Drone x2, Overlord  
  14  1:10  Drone  
  14  1:11  Drone  
  16  1:43  Spawning Pool  
  15  1:48  Drone  
  15  1:49  Drone  
  15  1:50  Drone  
  18  2:28  Evolution Chamber  
  17  2:31  Queen  
  17  2:36  Drone  
  20  2:37  Zergling x2  
  20  2:38  Zergling x2  
  22  2:49  Metabolic Boost  
  22  3:27  Overlord x2  
  22  3:38  Roach Warren  
  21  3:44  Queen  
  23  3:49  Drone x3  
  23  3:51  Hatchery  
  25  4:43  Hatchery  
  24  4:48  Zergling x8, Roach  
  24  4:51  Overlord  
  30  5:04  Drone  
  31  5:17  Lair  
  31  5:22  Drone  
  31  5:23  Drone  
  33  5:48  Drone x5  
  33  5:49  Drone  
  39  6:14  Baneling Nest  
  38  6:18  Hydralisk Den  
  39  6:35  Drone x3  
  40  6:40  Zergling x6  
  43  7:06  Hydralisk, Roach  
  47  7:18  Queen  
  47  7:20  Drone  
  50  7:23  Overlord x2  
  41  8:02  Zergling x6  
  42  8:28  Ravager  
  43  9:07  Zergling x2  
  43  9:08  Zergling x4  
  46  9:23  Drone x3  
  43  10:47  Extractor  
  42  11:15  Lurker Den  
  42  11:18  Roach x3  
  47  11:24  Drone x5  
  52  12:02  Drone x2  
  52  12:05  Queen  
  52  12:06  Hatchery  
  55  12:11  Drone x5  
  55  12:15  Lurker  
  61  12:34  Ravager x2  
  61  12:35  Ravager  
  64  12:48  Hydralisk Den  
  64  12:54  Infestation Pit  
  63  14:24  Hydralisk  
  63  14:25  Hydralisk x2  
  69  14:35  Hive  
  69  14:37  Lair  
  69  15:12  Spire  
  68  15:22  Hydralisk  
  68  15:23  Hydralisk  
  68  15:25  Overlord x3  
  72  15:36  Drone, Unknown  
  72  15:43  Drone  
  72  15:44  Drone  
  75  15:50  Lurker  
  75  15:51  Lurker x2  
  74  17:21  Mutalisk x3  
  80  17:26  Hydralisk x2  
  80  17:27  Hydralisk  
  86  17:33  Roach  
  86  18:27  Hatchery  
  85  18:40  Lurker  
  82  19:04  Ultralisk Cavern  
  81  19:30  Roach x3  
  87  19:55  Spore Crawler  
  87  19:58  Spore Crawler  
  85  20:03  Spore Crawler  
  84  20:12  Ultralisk x3  
  102  20:24  Overlord x3  
  90  21:32  Lurker  
  91  21:33  Lurker  
  91  21:34  Lurker  
  91  21:35  Lurker  
  94  21:54  Ultralisk x3  
  94  21:58  Ultralisk  
  118  22:02  Ultralisk  
  124  22:18  Overlord x2  
  124  22:46  Extractor  
  123  22:53  Ultralisk  
  123  22:55  Ultralisk  
  135  23:02  Ravager  
  136  23:17  Ravager  
  137  24:03  Corruptor x2  
  141  24:16  Overlord  
  141  24:35  Ultralisk  
  147  24:40  Corruptor  
  147  25:15  Overlord  
  147  25:16  Overlord  
  147  25:22  Swarm Host  
  150  25:58  Ultralisk  
  150  26:00  Overlord  
  150  26:01  Mutalisk  
  54  27:12  Zergling x10  
  59  27:17  Zergling x6  
  59  27:20  Zergling x8  
  66  27:23  Zergling x2  
  66  27:24  Zergling x4  
  66  27:27  Zergling x10  
  66  27:28  Zergling x2  
  66  27:29  Zergling x6  
  78  28:06  Mutalisk  
Tags
 
Matchup
TvZ
Opening
Pool First
Spawn Locations
Cross Positions
Add a new tag
Caveats
  • Supply blocks, unpowered buildings, or Contaminate may cause inaccurate times.
  • Supply counts are checked every 10 seconds.